 Dungeon Crawl Stone Soup version 0.17.0-26-gececa24 (webtiles) character file.

20 MDvedh the Grave Robber (level 2, 0/13 HPs)
             Began as a Vine Stalker Necromancer on Nov 19, 2015.
             Slain by an adder (2 damage)
             ... on level 2 of the Dungeon.
             The game lasted 00:01:47 (1185 turns).

MDvedh the Grave Robber (Vine Stalker Necromancer)  Turns: 1185, Time: 00:01:47

Health: 0/13       AC:  3    Str: 10    XL:     2   Next: 79%
Magic:  0/6        EV: 12    Int: 15    God:
Gold:   62         SH:  0    Dex: 14    Spells: 1 memorised, 4 levels left

rFire  + . .     SeeInvis .     j - +0 short sword
rCold  + . .     Clarity  .     a - +0 robe
rNeg   . . .     SustAt   .     (no shield)
rPois  +         Gourm    .     (no helmet)
rElec  +         Spirit   +     (no cloak)
rCorr  +         Warding  .     (no gloves)
rMut   .         Stasis   .     p - +0 pair of boots
MR     .....                    (no amulet)
Stlth  ++........               (no ring)
                                (no ring)

@: resistant, very slightly contaminated, not resistant to hostile enchantments,
unstealthy
A: fangs 2, regeneration 1, magic shield, antimagic bite, no device heal 3, rot
immunity
a: no special abilities


You were on level 2 of the Dungeon.
You were not hungry.

You visited 1 branch of the dungeon, and saw 2 of its levels.

You collected 62 gold pieces.

Inventory:

Hand Weapons
 g - a +0 dagger
 j - a +0 short sword (weapon)
Armour
 a - a +0 robe (worn)
 p - a +0 pair of boots (worn)
Scrolls
 e - a scroll of amnesia {unknown}
 f - a scroll of immolation {unknown}
 k - 2 scrolls of fear {unknown}
 l - a scroll of enchant weapon {unknown}
 m - 2 scrolls of remove curse {unknown}
 o - a scroll of blinking {unknown}
 q - 4 scrolls of identify {unknown}
Potions
 h - a potion of curing
 i - a potion of resistance
Books
 b - a book of Necromancy

   Spells                             Type                      Level
   a - Pain                           Necromancy                   1
   b - Animate Skeleton               Necromancy                   1
   c - Vampiric Draining              Necromancy                   3
   d - Regeneration                   Charms/Necromancy            3
   e - Animate Dead                   Necromancy                   4
   f - Control Undead                 Necromancy                   4
Comestibles
 c - a bread ration
 d - 2 fruits
 n - a chunk of flesh
 r - a meat ration


   Skills:
 - Level 1.5 Dodging
 - Level 2.4 Stealth
 - Level 2.1 Spellcasting
 + Level 4.8 Necromancy


You had 4 spell levels left.
You knew the following spells:

 Your Spells              Type           Power        Failure   Level  Hunger
a - Pain                  Necr           ###.         3%          1    #......


Dungeon Overview and Level Annotations

Branches:
Dungeon (2/15)

Altars:


Innate Abilities, Weirdness & Mutations

You have extremely sharp teeth.
Your natural rate of healing is unusually fast.
When hurt, damage is shared between your health and your magic reserves.
Your bite disrupts and absorbs the magic of your enemies.
Potions and wands cannot restore your health.
You are immune to rotting.


Message History

Confirm with . or Enter, or press ? or * to list all spells.
Aiming: Pain
Press: ? - help, Shift-Dir - straight line, f - adder
Aim: an adder (heavily wounded, chance to defeat MR: 81%)
You miscast Pain.
You are very lightly contaminated with residual magic.
Nothing appears to happen.
The adder completely misses you.
Casting: Pain
Confirm with . or Enter, or press ? or * to list all spells.
Aiming: Pain
Press: ? - help, Shift-Dir - straight line, f/p - adder
Aim: an adder (heavily wounded, chance to defeat MR: 81%)
The adder convulses in agony!
The adder bites you.
* * * LOW HITPOINT WARNING * * *
The adder barely misses you.
Drink which item? (? for menu, Esc to quit)
It was a potion of resistance.
You feel protected. The adder bites you.
You die...

#..#.# ##.## ##.......##.....
...... #.# ##.####.##..### ......
####.#### #.# #>##..###
#..⌠..##.......# #.# #........
...........##.# ##'## ####....#
.....#.#..##.###...## #.##.#
####.#....##.##.....## #.##.#
#.....###.#.......# #.....
#######.........@........####...#
...............S.........+.......
#######.....####.........####...#
#.....# ##.......## ##..# #.#####
##.....## ##.# #.# ##...## #.#
#.# #+## #.# #.# #.##### #.# #.#
#.#...######.#


You could see an adder.

Vanquished Creatures
  A giant gecko (D:2)
  A hobgoblin (D:2)
  2 bats
  4 giant newts
  6 goblins
  3 kobolds
  2 quokkas (D:2)
  A rat (D:1)
20 creatures vanquished.

Notes
Turn   | Place    | Note
--------------------------------------------------------------
     0 | D:1      | MDvedh the Vine Stalker Necromancer began the quest for the Orb.
     0 | D:1      | Reached XP level 1. HP: 9/9 MP: 4/4
   727 | D:2      | Reached XP level 2. HP: 8/13 MP: 4/6
  1185 | D:2      | Slain by an adder

Action                   || total
-------------------------++-------
Melee: Short sword       ||    53
       Unarmed           ||     1
 Cast: Pain              ||     2
  Use: Potion            ||     2
 Stab: Sleeping          ||     6
  Eat: Chunk             ||     1
